 Dungeon Crawl Stone Soup version 0.31-a0-876-gfe8ebadbca (webtiles) character file.

Game seed: 18135622074203328697

39 Descartes the Shield-Bearer (level 3, 0/30 HPs)
             Began as a Formicid Fighter on Oct 14, 2023.
             Was an Initiate of Ru.
             Slain by a goblin
             ... wielding a +0 club
             ... led by Robin
              (6 damage)
             ... on level 2 of the Dungeon.
             The game lasted 00:02:44 (1309 turns).

Descartes the Shield-Bearer (Formicid Fighter)      Turns: 1309, Time: 00:02:44

Health: 0/30       AC:  7    Str: 22    XL:     3   Next: 70%
Magic:  3/3        EV:  9    Int:  7    God:    Ru [......]
Gold:   84         SH:  5    Dex: 13    Spells: 2/2 levels left

rFire   . . .        a - +0 war axe
rCold   . . .        c - +0 buckler
rNeg    . . .        b - +0 scale mail
rPois   +            (helmet unavailable)
rElec   .            (no cloak)
rCorr   .            (no gloves)
SInv    +            (no boots)
Will    +....        (no amulet) Stlth
                     f - ring of poison resistance
HPRegen 0.25/turn    n - ring of willpower
MPRegen 0.08/turn

%: no passive effects
@: no status effects
A: permanent stasis, dig shafts and tunnels, antennae 3, four strong arms
a: Dig, Shaft Self, Renounce Religion


You were on level 2 of the Dungeon.
You worshipped Ru.
Ru was noncommittal.
You visited 1 branch of the dungeon, and saw 2 of its levels.

You collected 84 gold pieces.

Inventory:

Hand Weapons
 a - a +0 war axe (weapon)
Armour
 b - a +0 scale mail (worn)
 c - a +0 buckler (worn)
Jewellery
 f - a ring of poison resistance (left hand)
 n - a ring of willpower (right hand)
Scrolls
 e - 4 scrolls of identify {unknown}
 h - 3 scrolls of revelation {unknown}
 j - a scroll of blinking {unknown}
 k - a scroll of teleportation {unknown}
Potions
 d - a potion of might
 g - a potion of curing {unknown}
 i - a potion of haste {unknown}
 l - a potion of magic {unknown}
 m - a potion of lignification {unknown}


   Skills:
 + Level 3.7 Fighting
 + Level 2.4 Axes
 + Level 3.7 Armour
 + Level 4.5 Shields


You had 2 spell levels left.
You didn't know any spells.
Your spell library was empty.

Dungeon Overview and Level Annotations

Branches:
Dungeon (2/15)

Altars:
Kikubaaqudgha
Ru

Shops:
D:2 **

Annotations:
D:2 Robin


Innate Abilities, Weirdness & Mutations

You cannot be hasted, slowed, berserked, paralysed or teleported.
You can dig through walls and to a lower floor.
You have a pair of large antennae on your head. (SInv)
Your four strong arms can wield two-handed weapons with a shield.


Message History

You are too injured to fight recklessly!
You are too injured to fight recklessly!
Unknown command.
The hobgoblin attacks as it pursues you!
The hobgoblin hits you.
* * * LOW HITPOINT WARNING * * *
Robin throws the goblin at you! You block the goblin's attack.
The goblin unwields a +0 sling.
The goblin wields a +0 club.
The goblin hits you with a +0 club.
* * * LOW HITPOINT WARNING * * *
The goblin no longer looks unusually strong.
The goblin attacks as it pursues you! The goblin barely misses you.
The goblin attacks as it pursues you! The goblin hits you but does no damage.
The goblin attacks as it pursues you! The goblin hits you but does no damage.
The goblin no longer looks unusually strong. x3
The hobgoblin no longer looks unusually strong.
The goblin attacks as it pursues you! The goblin hits you but does no damage.
You closely miss the goblin.
Robin roars a battlecry!
The goblins go into a battle-frenzy!
The goblin closely misses you.
You hit the goblin.
The goblin is heavily wounded.
The goblin closely misses you. The goblin barely misses you.
Unknown command.
You completely miss the goblin.
The goblin is heavily wounded.
The goblin hits you but does no damage.
Unknown command.
You barely miss the goblin.
The goblin is heavily wounded.
Robin throws the goblin at you! The goblin hits you with a +0 dagger.
* * * LOW HITPOINT WARNING * * *
The goblin barely misses you. x2
You barely miss the goblin.
The goblin is heavily wounded.
You hit the goblin.
You kill the goblin!
The goblin hits you with a +0 club.
You die...

#.................
#..##..........#.#
#..####...#...##.#
#.†# #...##.### #
####..# ##.###.#
#.....# #.# #.. .
#∩##.## #.# #### #
#.##)# .# #.##@#
#.##g# #.##g#
#.##g# #.##g# ,
#.##J# ###.#
#...g##.....#
#...).).g....
##.####.#####


You could see Robin, an endoplasm, a hobgoblin (strong) and 3 goblins.

Vanquished Creatures
  2 dart slugs
  3 ball pythons (D:2)
  6 endoplasms
  2 giant cockroaches
  6 goblins
  4 hobgoblins
  A quokka (D:2)
  A bat (D:2)
  2 frilled lizards
  3 kobolds
  A rat (D:2)
31 creatures vanquished.

Notes
Turn   | Place    | Note
-------+----------+-------------------------------------------
     0 | D:1      | Descartes the Formicid Fighter began the quest for the Orb.
     0 | D:1      | Reached XP level 1. HP: 18/18 MP: 1/1
    48 | D:1      | Found a faded altar of an unknown god.
   117 | D:1      | Prayed at the altar of an unknown god.
   117 | D:1      | Became a worshipper of Ru the Awakened
   309 | D:1      | Reached XP level 2. HP: 20/24 MP: 2/2
  1055 | D:2      | Reached XP level 3. HP: 22/29 MP: 3/3
  1082 | D:2      | Found Emadyna's Assorted Antiques.
  1127 | D:2      | Found an ancient bone altar of Kikubaaqudgha.
  1258 | D:2      | Found Yfairoerin's Assorted Antiques.
  1285 | D:2      | Noticed Robin
  1309 | D:2      | Slain by a goblin

Illustrated notes

Levels and vault maps discovered:
D:1:      co_arrival_random_square_maze, layout_loops_ring,
          basic_ecumenical_altar, minmay_door_square
D:2:      layout_loops_ring, basic_altar, serial_shops, shop, shop,
          nicolae_square_shop, uniq_robin

Action                     || total
---------------------------++-------
  Melee: War axe           ||    80
 Invoke: Reject Sacrifices ||     1
 Armour: Scale mail        ||    58
  Dodge: Dodged            ||    32
  Block: Buckler           ||    18

Table legend: (Time is in decaauts)
 A = Elapsed time spent in this place.
 B = Non-inter-level travel time spent in this place.
 C = Inter-level travel time spent in this place.
 D = Time resting spent in this place.
 E = Time spent auto-exploring this place.
 F = Levels seen in this place.
 G = Mean time per level.
                   A        B        C        D        E       F      G
               +--------+--------+--------+--------+--------+-----+--------+
         Total |   1340 |   1250 |     90 |      0 |   1016 |   2 |  670.0 |
       Dungeon |   1340 |   1250 |     90 |      0 |   1016 |   2 |  670.0 |
               +--------+--------+--------+--------+--------+-----+--------+

Top non-repeatable levels by time:
     D:1: 903 daAuts
     D:2: 436 daAuts
